 Dungeon Crawl Stone Soup version 0.18.1-1-g2f07953 (webtiles) character file.

288876 Chiseanne the Eclecticist (level 19, -5/112 HPs)
             Began as a Demonspawn Wizard on May 6, 2016.
             Was an Initiate of Gozag.
             Slain by an ironbrand convoker
             ... wielding a +0 dire flail
              (10 damage)
             ... while paralysed by an ogre mage
             ... on level 4 of the Vaults.
             The game lasted 04:03:24 (50938 turns).

Chiseanne the Eclecticist (Demonspawn Wizard)      Turns: 50938, Time: 04:03:25

Health: -5/112     AC: 15    Str: 12    XL:     19   Next: 89%
Magic:  0/66       EV:  2    Int: 42    God:    Gozag
Gold:   4060       SH:  0    Dex: 23    Spells: 12 memorised, 8 levels left

rFire  + . .     SeeInvis +     a - staff of cold
rCold  + + +     Gourm    .     M - +4 leather armour of Infinity {+Inv rPois rN+ Int+4}
rNeg   + . .     Faith    .     O - +2 buckler {AC+3}
rPois  +         Spirit   +     H - +2 helmet {Int+3}
rElec  .         Dismiss  +     W - +2 cloak {rC+}
rCorr  .         Reflect  .     c - +0 pair of gloves {Str+3}
SustAt .         Harm     .     V - +0 pair of boots of Unreason {+Fly Dex+6} (curse)
MR     +....                    T - amulet of the Imp {Dismiss MP+9 Int+3}
Stlth  ++++......               j - ring of Fanaticism {Int+3 SInv}
                                l - ring of Divine Intervention {*Drain rF+ rC+ MP+9 Int+2}

@: paralysed, marked, corroded, gold aura, somewhat resistant to hostile
enchantments, stealthy
A: claws 2, hooves 1, thin skeletal structure 3, cold resistance 1, high mp 1,
powered by pain 3, magic shield, magic regeneration
a: Potion Petition, Call Merchant, Bribe Branch, Renounce Religion, Evoke
Invisibility, Evoke Flight
}: 2/15 runes: decaying, serpentine


You were on level 4 of the Vaults.
You worshipped Gozag.
Gozag was noncommittal.
You were not hungry.

You visited 7 branches of the dungeon, and saw 38 of its levels.
You visited the Abyss 1 time.
You visited 2 bazaars.
You also visited: Labyrinth and Ice Cave.

You collected 17290 gold pieces.
You spent 8252 gold pieces at shops.
You paid 4978 gold pieces to Gozag.

Inventory:

Hand Weapons
 d - the +8 dagger of Ytzulok {freeze, rPois rN++ MR++ Int-2}
   (You bought it in a shop on level 3 of the Vaults)

   It has been specially enchanted to freeze those struck by it, causing extra
   injury to most foes and up to half again as much damage against particularly
   susceptible opponents.
   It can also slow down cold-blooded creatures.
   It affects your intelligence (-2).
   It protects you from poison.
   It greatly protects you from negative energy.
   It affects your resistance to hostile enchantments.
 s - a +9 flail of protection
Armour
 c - a +0 pair of gloves of strength (worn)
 H - a +2 helmet of intelligence (worn)
 M - the +4 leather armour of Infinity (worn) {+Inv rPois rN+ Int+4}
   (You found it on level 6 of the Lair of Beasts)

   It affects your intelligence (+4).
   It protects you from poison.
   It protects you from negative energy.
   It lets you turn invisible.
 O - a +2 buckler of protection (worn)
 R - the +2 robe of vines {NoDeviceHeal Regen+7}
   (You took it off a tengu conjurer on level 3 of the Vaults)

   It increases your rate of regeneration.
 V - the cursed +0 pair of boots of Unreason (worn) {+Fly Dex+6}
   (You found it on level 2 of the Snake Pit)

   It affects your dexterity (+6).
   It lets you fly.
   It has a curse placed upon it.
 W - a +2 cloak of cold resistance (worn)
Magical Staves
 a - an uncursed staff of cold (weapon)
Rods
 K - a +4 lightning rod (13/13)
   (You found it in a labyrinth)
Jewellery
 j - the ring of Fanaticism (right hand) {Int+3 SInv}
   (You found it on level 1 of the Vaults)

   [ring of see invisible]

   It affects your intelligence (+3).
   It lets you see invisible.
 l - the ring of Divine Intervention (left hand) {*Drain rF+ rC+ MP+9 Int+2}
   (You bought it in a shop on level 7 of the Lair of Beasts)

   [ring of intelligence]

   It affects your intelligence (+2).
   It protects you from fire.
   It protects you from cold.
   It affects your magic capacity (+9).
   It causes draining when unequipped.
 T - the amulet of the Imp (around neck) {Dismiss MP+9 Int+3}
   (You bought it in a shop on level 7 of the Lair of Beasts)

   [amulet of dismissal]

   It may teleport away creatures that harm you.
   It affects your intelligence (+3).
   It affects your magic capacity (+9).
 X - a +5 ring of protection
Wands
 f - a wand of teleportation (4/9)
 n - a wand of digging (0/24)
 w - a wand of teleportation (7/9)
 E - a wand of teleportation (2/9)
 G - a wand of teleportation (3/9)
 L - a wand of disintegration (0/24)
Scrolls
 k - a scroll of amnesia
 o - 7 scrolls of identify
 p - a scroll of recharging
 q - 10 scrolls of teleportation
 r - a scroll of blinking
 u - a scroll of immolation
 v - 3 scrolls of magic mapping
 y - 2 scrolls of acquirement
 A - a scroll of fear
 B - a scroll of silence
 F - 16 scrolls of remove curse
 J - 8 scrolls of fog
Potions
 b - 2 potions of invisibility
 m - 6 potions of haste
 t - 4 potions of agility
 x - 6 potions of magic
 z - 12 potions of curing
 C - a potion of cure mutation
 D - 2 potions of ambrosia
 N - 7 potions of flight
 P - 4 potions of cancellation
 Q - 2 potions of heal wounds
Miscellaneous
 e - a plain deck of wonders {drawn: 1}
 g - a lamp of fire (inert)
 I - a plain deck of defence
Comestibles
 h - 11 meat rations
 i - 4 bread rations


   Skills:
 - Level 5.1 Armour
 - Level 1.7 Dodging
 - Level 1.7 Stealth
 - Level 4.2 Shields
 * Level 20.8 Spellcasting
 * Level 16.2 Conjurations
 - Level 6.0 Charms
   Level 1.0 Summonings
 - Level 0.8 Translocations
 * Level 17.8 Ice Magic


You had 8 spell levels left.
You knew the following spells:

 Your Spells              Type           Power        Failure   Level  Hunger
a - Magic Dart            Conj           ####         0%          1    None
b - Freezing Cloud        Conj/Ice/Air   ########..   1%          6    None
c - Iskenderun's Mystic   Conj           ########     0%          4    None
d - Iskenderun's Battles  Conj/Chrm      #######.     1%          5    None
e - Orb of Destruction    Conj           ########..   1%          7    None
f - Haste                 Chrm           #######.     10%         6    None
g - Blink                 Tloc           N/A          1%          2    None
h - Repel Missiles        Chrm/Air       ######       1%          2    None
i - Conjure Flame         Conj/Fire      ######..     1%          3    None
j - Dazzling Spray        Conj/Hex       #######.     1%          3    None
k - Glaciate              Conj/Ice       ########..   47%         9    ####...
l - Mephitic Cloud        Conj/Pois/Air  ######..     1%          3    None


Dungeon Overview and Level Annotations

Branches:
Dungeon (15/15)            Temple (1/1) D:6            Lair (8/8) D:11
  Swamp (4/4) Lair:3        Snake (4/4) Lair:3        Slime (0/6) Lair:8
    Orc (2/2) D:12            Elf (0/3) Orc:2        Vaults (4/5) D:13
  Crypt (0/3) Vaults:3     Depths (0/5) D:15

Altars:
Ashenzari
Cheibriados
Dithmenos
Elyvilon
Fedhas
Gozag
Kikubaaqudgha
Makhleb
Nemelex Xobeh
Okawaru
Pakellas
Qazlal
Ru
Sif Muna
Trog
Vehumet
Xom
Yredelemnul
Zin
The Shining One
Beogh
Jiyva

Shops:
D:7 [   D:9 (   D:11 ([   D:15 [   Orc:2 [(*:   Lair:6 [   Lair:7 =   Snake:3 (
Vaults:1 ?   Vaults:3 (

Portals:
Trove: Vaults:2 (give wand of hasting (9))

Annotations:
Orc:2 exclusion: 2 upstairs


Innate Abilities, Weirdness & Mutations

You have very sharp fingernails.
You have an unnaturally thin skeletal structure (Dex +6, Stealth++).
Your flesh is cold resistant.
You are powered by pain.
When hurt, damage is shared between your health and your magic reserves.
You regenerate magic rapidly.
You have large cloven feet.
You have an increased reservoir of magic (+10% MP).


Message History

The ironbrand convoker is engulfed in freezing vapours.
The ironbrand convoker hits you with a dire flail!
* * * LOW HITPOINT WARNING * * *
The vault guard is engulfed in freezing vapours.
The vault guard hits you with a battleaxe!
* * * LOW HITPOINT WARNING * * *
The entropy weaver is engulfed in freezing vapours.
An orc warrior comes into view. It is wielding a glaive.
You are engulfed in freezing vapours.
You resist.
* * * LOW HITPOINT WARNING * * *
The vault guard is engulfed in freezing vapours.
The vault guard hits you with a great mace.
* * * LOW HITPOINT WARNING * * *
The vault sentinel is engulfed in freezing vapours.
The vault sentinel gestures at you while chanting.
The mark upon you grows brighter.
The ironbrand convoker is engulfed in freezing vapours.
The ironbrand convoker hits you with a dire flail!
You die...
Your body crumbles into a pile of gold.

........+....(.#§§.§§#
........#...(..#.$...#
).......+......'...o.########
)########...().#C).$.#......#
.....# ####'###o.o..#......#
.....# #.# #oy.o.#......#
)....# ###.# #e§§(.#..^...#
.....# #.).# #pp§O.#....=.#
.....# #..)# #@pp§§#......#
.....# ###.# #§p§§§#+#######
.....# ###)# #p.§§§$....§§..
.....# #...# #...).$..§.§p..
.....# #...# #....$.§§.§§§..
###### ###.# #....§§§t.§§§p.
###.# #...$§§§p.§§§s. #...#
####+########## #...#
#......#


You could see a titan, a vault warden, 2 vault guards, an entropy weaver, an orc
knight, a deep elf sorcerer, an ogre mage, a fire crab, a vault sentinel, 2
ironbrand convokers, a hornet, 2 orc warriors and 2 orcs.

Vanquished Creatures
  A lich (Vaults:3)
  An Ice Fiend (IceCv)
  A titan (Vaults:4)
  Rupert (D:12)
  A tentacled starspawn (Abyss:3)
  Agnes (D:15)
  A sphinx (Vaults:2)
  Kirke (Swamp:3)
  3 storm dragons
  Wiglaf (Vaults:4)
  Gastronok (Orc:1)
  3 greater nagas (Snake:4)
  2 tengu reavers
  2 fire giants
  2 frost giants
  Maud (Lair:5)
  Aizul (Swamp:2)
  A deep elf sorcerer (Vaults:2)
  An orc warlord (Orc:2)
  6 vault wardens
  12 ironheart preservers
  A deep elf demonologist (Vaults:2)
  A stone giant (Vaults:4)
  2 vampire knights (Vaults:1)
  Nessos (D:12)
  2 salamander stormcallers
  2 deep elf annihilators (Vaults:2)
  Azrael (D:14)
  An eidolon (Vaults:3)
  2 ettins (Vaults:4)
  9 vault guards
  A minotaur (Lab)
  Josephine (D:13)
  Erolcha (D:8)
  4 fire dragons
  13 hydras
  2 yaktaur captains
  2 great orbs of eyes
  Harold (D:12)
  A rakshasa (Abyss:3)
  14 naga warriors
  5 centaur warriors
  A catoblepas (Lair:8)
  An anaconda (Snake:2)
  A ghost crab (Swamp:2)
  10 ogre magi
  6 death knights
  An alligator (Swamp:2)
  2 deep troll shamans
  A hell hog (Abyss:3)
  A deep troll earth mage (Vaults:2)
  An orc high priest (Orc:2)
  12 death yaks
  3 tengu warriors
  3 shock serpents
  12 naga sharpshooters
  A wretched star (Abyss:3)
  Sonja (Lair:2)
  A fire crab (Swamp:4)
  7 deep elf knights
  3 hell knights (Vaults:1)
  A salamander mystic (Snake:3)
  10 skeletal warriors
  5 wizards
  3 unseen horrors
  12 deep trolls
  3 naga ritualists
  4 swamp dragons
  3 deep elf archers
  9 hill giants
  12 ironbrand convokers
  A necromancer (Swamp:3)
  15 orc knights
  7 lindwurms
  6 harpies
  4 phantasmal warriors
  7 griffons
  A wolf spider zombie (D:13)
  2 mana vipers
  2 hornets
  4 wolf spiders
  12 deep elf magi
  7 orc sorcerers
  An oklob plant (Orc:2)
  8 ugly things
  5 cyclopes
  Maurice (Orc:2)
  2 centaur zombies
  2 manticores (D:15)
  4 salamanders
  15 elephants
  13 vault sentinels
  10 black mambas
  An octopode (shapeshifter) (D:15)
  7 guardian serpents
  15 naga magi
  Joseph (D:8)
  A smoke demon (Abyss:3)
  An ice statue (IceCv)
  14 spiny frogs
  An orange demon (Abyss:3)
  3 gargoyles
  A hellion (Abyss:3)
  A rime drake (Lair:7)
  3 kobold demonologists
  An efreet (D:13)
  20 yaktaurs
  A tormentor (Abyss:3)
  6 ice devils (IceCv)
  2 golden dragon simulacra (IceCv)
  7 komodo dragons
  4 anaconda simulacra (IceCv)
  3 hydra zombies (Swamp:3)
  A tengu conjurer (Vaults:3)
  10 freezing wraiths
  14 trolls
  A queen bee (shapeshifter) (Vaults:2)
  22 slime creatures
  5 polar bears
  2 large abominations (Abyss:3)
  An alligator zombie (Swamp:3)
  A wolf spider simulacrum (IceCv)
  13 two-headed ogres
  18 blink frogs
  Prince Ribbit (D:9)
  5 boulder beetles
  Grinder (D:6)
  A giant leech (Swamp:2)
  6 spriggans
  A vampire (Abyss:3)
  9 wraiths
  4 redbacks
  32 yaks
  2 hogs (Swamp:3)
  5 wyverns
  A spriggan (shapeshifter) (Vaults:1)
  A ynoxinul (Abyss:3)
  18 humans
  4 basilisks
  3 fire elementals
  3 hungry ghosts
  17 vampire mosquitoes
  A chaos spawn (Abyss:3)
  2 steam dragons (Swamp:4)
  10 hippogriffs
  6 mottled dragons
  4 wargs
  An iron troll simulacrum (IceCv)
  50 nagas
  3 small abominations (Abyss:3)
  7 swamp worms
  A harpy simulacrum (IceCv)
  4 insubstantial wisps (Swamp:1)
  A hell hound (shapeshifter) (Vaults:3)
  6 hydra simulacra (IceCv)
  A hell hound (D:14)
  11 water moccasins
  10 porcupines
  A black bear (shapeshifter) (Vaults:2)
  8 ice beasts
  43 orc warriors
  3 sky beasts
  An eye of draining (Abyss:3)
  6 wasps
  3 phantoms
  A swamp dragon zombie (Swamp:3)
  4 swamp drakes
  21 wolves
  An ettin simulacrum (IceCv)
  A necrophage (D:5)
  An alligator simulacrum (IceCv)
  5 centaurs
  45 ogres
  13 crocodiles
  Blork the orc (Orc:2)
  18 giant frogs
  4 big kobolds
  A wyvern zombie (D:7)
  4 wyvern skeletons
  19 killer bees
  4 scorpions
  16 wights
  4 electric eels
  8 howler monkeys
  12 crimson imps
  3 giant frog zombies
  9 hounds
  5 centaur skeletons
  19 orc priests
  3 giant frog skeletons
  An iron imp (Abyss:3)
  7 jellies
  9 iguanas
  36 orc wizards
  15 worker ants
  2 spriggan simulacra (IceCv)
  2 troll simulacra (IceCv)
  A polar bear simulacrum (IceCv)
  A sheep (shapeshifter) (Vaults:3)
  25 sheep
  A wolf simulacrum (IceCv)
  2 centaur simulacra (IceCv)
  A hound zombie (D:11)
  A hound skeleton (D:7)
  A howler monkey zombie (D:9)
  A killer bee simulacrum (D:11)
  A worker ant zombie (D:10)
  3 gnolls
  11 adders
  A naga simulacrum (IceCv)
  An ogre simulacrum (IceCv)
  53 river rats
  3 shadow imps
  9 white imps
  7 ufetubi (IceCv)
  An ooze (shapeshifter) (Vaults:3)
  An ooze (D:3)
  An adder zombie (D:8)
  3 worms
  2 dart slugs
  12 giant geckos
  97 orcs
  2 ball pythons
  7 bats
  3 giant cockroaches
  4 goblins
  12 hobgoblins
  13 jackals
  7 quokkas
  2 giant gecko skeletons
  6 giant newts
  27 kobolds
  A quokka skeleton (D:6)
  5 rats
  8 fungi
  3 plants
1482 creatures vanquished.

Vanquished Creatures (collateral kills)
  A deep elf death mage (Vaults:2)
  A yaktaur captain (Vaults:2)
  An ironbrand convoker (Vaults:2)
  An oklob plant (Lair:1)
  3 yaktaurs (Vaults:2)
  A two-headed ogre (Vaults:2)
  A slime creature (Vaults:2)
  2 redbacks (Vaults:2)
  3 vampire mosquitoes (Vaults:2)
  A crocodile (Lair:1)
  2 killer bees (D:7)
  A hound (D:7)
  An iguana (Lair:1)
19 creatures vanquished.

Vanquished Creatures (others)
  An ironheart preserver (Vaults:1)
  An unseen horror (D:12)
  A yaktaur (Vaults:2)
  2 steam dragons (Swamp:4)
  2 mottled dragons (Swamp:4)
  2 swamp drakes (Swamp:4)
  An ogre (Vaults:2)
  A howler monkey (D:12)
  An adder (D:8)
  An ufetubus (IceCv)
  7 fungi
  A plant (Lair:8)
  2 starspawn tentacles (Abyss:3)
  4 starspawn tentacle segments (Abyss:3)
27 creatures vanquished.

Grand Total: 1528 creatures vanquished

Notes
Turn   | Place    | Note
--------------------------------------------------------------
     0 | D:1      | Chiseanne the Demonspawn Wizard began the quest for the Orb.
     0 | D:1      | Reached XP level 1. HP: 13/13 MP: 4/4
   480 | D:1      | Gained mutation: When hurt, damage is shared between your health and your magic reserves. [demonic ancestry]
   480 | D:1      | Reached XP level 2. HP: 6/19 MP: 1/6
  1379 | D:1      | Learned a level 2 spell: Blink
  1382 | D:1      | Learned a level 2 spell: Repel Missiles
  1477 | D:1      | Reached XP level 3. HP: 19/24 MP: 1/8
  1789 | D:2      | Learned a level 3 spell: Mephitic Cloud
  2314 | D:2      | Found a sparkling altar of Nemelex Xobeh.
  2317 | D:2      | Found a shattered altar of Ashenzari.
  2320 | D:2      | Found a deep blue altar of Sif Muna.
  3053 | D:3      | Reached XP level 4. HP: 30/30 MP: 3/9
  3362 | D:3      | Reached skill level 1 in Armour
  3362 | D:3      | Reached skill level 4 in Spellcasting
  3958 | D:3      | Gained mutation: You sometimes gain a little power by taking damage. [demonic ancestry]
  3958 | D:3      | Reached XP level 5. HP: 35/35 MP: 8/11
  4466 | D:3      | Found an opulent altar of Gozag.
  4492 | D:3      | Became a worshipper of Gozag Ym Sagoz the Greedy
  5855 | D:4      | Found Dolu Fooriu's Magic Scroll Shoppe.
  5863 | D:4      | Bought a scroll of identify for 22 gold pieces
  5863 | D:4      | Bought a scroll of identify for 22 gold pieces
  5863 | D:4      | Bought a scroll of identify for 22 gold pieces
  5863 | D:4      | Bought a scroll of teleportation for 33 gold pieces
  5863 | D:4      | Bought a scroll of magic mapping for 38 gold pieces
  5863 | D:4      | Bought a scroll of noise for 11 gold pieces
  5874 | D:4      | Learned a level 3 spell: Conjure Flame
  5900 | D:4      | Found a snail-covered altar of Cheibriados.
  5978 | D:4      | Found an oddly glowing altar of Pakellas.
  5978 | D:4      | Found a bloodstained altar of Trog.
  5984 | D:4      | Found a shadowy altar of Dithmenos.
  5984 | D:4      | Found a basalt altar of Yredelemnul.
  6408 | D:4      | Gained mutation: You have a somewhat thin skeletal structure (Dex +2, Stealth). [demonic ancestry]
  6408 | D:4      | Reached XP level 6. HP: 41/41 MP: 9/13
  6420 | D:4      | Noticed a water moccasin
  6433 | D:4      | Killed a water moccasin
  6606 | D:4      | Bought a scroll of identify for 22 gold pieces
  6606 | D:4      | Bought a scroll of identify for 22 gold pieces
  6620 | D:5      | Entered Level 5 of the Dungeon
  6663 | D:5      | Found a burning altar of Makhleb.
  6741 | D:5      | Reached skill level 5 in Spellcasting
  6879 | D:5      | Noticed a sky beast
  6890 | D:5      | Killed a sky beast
  6890 | D:5      | Gained mutation: You have a moderately thin skeletal structure (Dex +4, Stealth+). [demonic ancestry]
  6890 | D:5      | Reached XP level 7. HP: 38/46 MP: 4/14
  7024 | D:5      | Found a blossoming altar of Fedhas.
  7030 | D:5      | Reached skill level 5 in Conjurations
  7702 | D:6      | Found a staircase to the Ecumenical Temple.
  7722 | Temple   | Entered the Ecumenical Temple
  7810 | D:6      | Reached skill level 6 in Spellcasting
  7810 | D:6      | Gained mutation: You regenerate magic rapidly. [demonic ancestry]
  7810 | D:6      | Reached XP level 8. HP: 41/52 MP: 2/17
  7887 | D:6      | Noticed Grinder
  7915 | D:6      | Killed Grinder
  8203 | D:6      | Found a sacrificial altar of Ru.
  8372 | D:6      | Found a radiant altar of Vehumet.
  8374 | D:6      | Found a burning altar of Makhleb.
  8386 | D:6      | Learned a level 4 spell: Throw Icicle
  8554 | D:6      | Reached skill level 5 in Armour
  8673 | D:6      | Reached skill level 1 in Ice Magic
  8912 | D:7      | Learned a level 3 spell: Dazzling Spray
  8995 | D:7      | Reached skill level 7 in Spellcasting
  9166 | D:7      | Reached XP level 9. HP: 55/57 MP: 12/19
  9221 | D:7      | Learned a level 4 spell: Iskenderun's Mystic Blast
 10505 | D:8      | Noticed Joseph
 10535 | D:8      | Killed Joseph
 10535 | D:8      | Reached skill level 8 in Spellcasting
 10954 | D:8      | Noticed Erolcha
 10961 | D:8      | Reached skill level 9 in Spellcasting
 10965 | D:8      | Killed Erolcha
 10965 | D:8      | Reached skill level 10 in Spellcasting
 11114 | D:8      | Reached XP level 10. HP: 63/63 MP: 7/24
 11694 | D:9      | Found a shimmering altar of Xom.
 11723 | D:9      | Found Ybanof's Weapon Boutique.
 12288 | D:7      | Bought a shiny helmet for 112 gold pieces
 12452 | D:9      | Learned a level 5 spell: Iskenderun's Battlesphere
 12499 | D:9      | Reached skill level 11 in Spellcasting
 12770 | D:9      | Noticed Prince Ribbit
 12778 | D:9      | Killed Prince Ribbit
 12778 | D:9      | Reached skill level 1 in Charms
 13289 | D:10     | Entered Level 10 of the Dungeon
 13576 | D:10     | Noticed Harold
 14449 | D:10     | Noticed a hill giant
 14452 | D:10     | Killed a hill giant
 14452 | D:10     | Reached skill level 12 in Spellcasting
 14452 | D:10     | Reached skill level 5 in Charms
 14452 | D:10     | Reached XP level 11. HP: 68/68 MP: 10/27
 14946 | D:10     | Killed an unseen horror
 15243 | D:11     | Found Xatyrhod's Weapon Boutique.
 16015 | D:11     | Bought a +0 pair of gloves of dexterity for 184 gold pieces
 16024 | D:11     | Bought a +0 buckler of reflection for 136 gold pieces
 16144 | D:11     | Reached skill level 1 in Shields
 16333 | D:11     | Noticed a cyan ugly thing
 16511 | D:11     | Found a staircase to the Lair.
 16527 | D:11     | Killed a cyan ugly thing
 16925 | D:11     | Bought a +1 buckler of protection for 264 gold pieces
 16975 | D:12     | Noticed Nessos
 16981 | D:12     | Killed Nessos
 16981 | D:12     | Reached skill level 13 in Spellcasting
 17027 | D:12     | Killed Harold
 17049 | D:12     | Noticed Rupert
 17282 | D:12     | Noticed a red ugly thing
 17287 | D:12     | Killed a red ugly thing
 17333 | D:12     | Noticed a skeletal warrior
 17359 | D:12     | Killed a skeletal warrior
 17359 | D:12     | Gained mutation: You have sharp fingernails. [demonic ancestry]
 17359 | D:12     | Reached XP level 12. HP: 46/74 MP: 0/29
 17615 | D:12     | Noticed a death knight
 17622 | D:12     | Killed a death knight
 17622 | D:12     | Reached skill level 14 in Spellcasting
 17704 | D:12     | Found a staircase to the Orcish Mines.
 17721 | D:12     | Found a roughly hewn altar of Beogh.
 17755 | D:12     | Noticed a four-headed hydra
 17759 | D:12     | Killed a four-headed hydra
 17930 | D:12     | Paralysed by Rupert for 6 turns
 17938 | D:12     | Paralysed by Rupert for 2 turns
 18169 | D:12     | Killed Rupert
 18244 | D:12     | Reached skill level 15 in Spellcasting
 18646 | D:13     | Noticed Josephine
 18676 | D:13     | Killed Josephine
 19028 | D:13     | Reached skill level 16 in Spellcasting
 19077 | D:12     | Gained mutation: Your flesh is cold resistant. [demonic ancestry]
 19077 | D:12     | Reached XP level 13. HP: 33/79 MP: 1/33
 20261 | D:13     | Noticed a vault guard
 20263 | D:13     | Reached skill level 17 in Spellcasting
 20276 | D:13     | Killed a vault guard
 20352 | D:13     | Noticed a vault guard
 20364 | D:13     | Killed a vault guard
 20419 | D:13     | Noticed a vault guard
 20422 | D:13     | Killed a vault guard
 20476 | D:13     | Found a gate to the Vaults.
 20756 | D:11     | Bought the +2 leather armour "Wysuasiz" {rElec rF+++ Stlth-} for 953 gold pieces
 20880 | D:11     | Gained mutation: You have very sharp fingernails. [potion of beneficial mutation]
 20970 | D:14     | Noticed Azrael
 21768 | D:14     | Reached skill level 18 in Spellcasting
 22150 | D:14     | Killed Azrael
 22367 | D:14     | Gained mutation: You sometimes gain power by taking damage. [demonic ancestry]
 22367 | D:14     | Reached XP level 14. HP: 84/85 MP: 23/36
 23100 | D:15     | Entered Level 15 of the Dungeon
 23100 | D:15     | Noticed Agnes
 23109 | D:15     | Killed Agnes
 23447 | D:15     | Got an encrusted rapier
 23448 | D:15     | Identified the cursed +1 rapier of the Eternal Warrior {pain, rC++ MR- Str-5 SInv} (You found it on level 15 of the Dungeon)
 23831 | D:15     | Reached skill level 19 in Spellcasting
 24129 | D:15     | Gained mutation: Your flesh is very cold resistant. [potion of beneficial mutation]
 24130 | D:15     | Gained mutation: You have an increased reservoir of magic (+10% MP). [potion of beneficial mutation]
 24750 | D:15     | Found a staircase to the Depths.
 24910 | Orc:1    | Entered Level 1 of the Orcish Mines
 24934 | Orc:2    | Entered Level 2 of the Orcish Mines
 24960 | Orc:2    | Found a roughly hewn altar of Beogh.
 25084 | Orc:2    | Noticed Blork the orc
 25098 | Orc:2    | Killed Blork the orc
 25411 | Orc:2    | Noticed Maurice
 25425 | Orc:2    | Killed Maurice
 25594 | Orc:2    | Noticed an orc warlord
 25716 | Orc:2    | Found a roughly hewn altar of Beogh.
 25745 | Orc:2    | Killed an orc warlord
 25836 | Orc:2    | Found Umups's Book Emporium.
 25861 | Orc:2    | Found Elen's General Store.
 25876 | Orc:2    | Found Seuqul's Antique Weapon Emporium.
 25882 | Orc:2    | Found Bojues's Antique Armour Emporium.
 25955 | Orc:2    | Bought a book of Annihilations for 1545 gold pieces
 25966 | Orc:2    | Learned a level 9 spell: Glaciate
 25992 | Orc:2    | Found a staircase to the Elven Halls.
 26238 | Orc:2    | Bought a bread ration for 75 gold pieces
 26238 | Orc:2    | Bought a bread ration for 75 gold pieces
 26238 | Orc:2    | Bought a bread ration for 75 gold pieces
 26254 | Orc:2    | Bought a fine leather armour for 217 gold pieces
 26265 | Orc:2    | Identified the cursed +0 leather armour of Jiajud {Dex+5 Slay+2} (You bought it in a shop on level 2 of the Orcish Mines)
 26384 | Orc:1    | Found a roughly hewn altar of Beogh.
 26411 | Orc:1    | Reached skill level 20 in Spellcasting
 26485 | Orc:1    | Noticed Gastronok
 26496 | Orc:1    | Killed Gastronok
 27083 | Orc:2    | Bought a book of Clouds for 630 gold pieces
 27090 | Orc:2    | Learned a level 6 spell: Freezing Cloud
 27209 | Lair:1   | Entered Level 1 of the Lair of Beasts
 27474 | Lair:1   | Gained mutation: You have claws for hands. [demonic ancestry]
 27474 | Lair:1   | Reached XP level 15. HP: 78/90 MP: 18/42
 27653 | Lair:1   | Found a white marble altar of Elyvilon.
 28173 | Lair:2   | Noticed Sonja
 28175 | Lair:2   | Killed Sonja
 28807 | Lair:3   | Found a staircase to the Snake Pit.
 28995 | Lair:3   | Found a staircase to the Swamp.
 29069 | Lair:3   | Reached skill level 5 in Ice Magic
 30162 | Lair:5   | Noticed Maud
 30176 | Lair:5   | Killed Maud
 30911 | Lair:6   | Found a labyrinth entrance.
 30919 | Lab      | Entered a labyrinth
 31277 | Lab      | Got a transparent mace
 31277 | Lab      | Got a faintly humming ring mail
 31277 | Lab      | Got a warped ring mail
 31278 | Lab      | Identified the cursed +1 mace of Subjectivity {vamp, Dex+6} (You found it in a labyrinth)
 31280 | Lab      | Identified the +1 ring mail of Omission {Dex+3} (You found it in a labyrinth)
 31282 | Lab      | Identified the +4 ring mail of the Merchant {rElec rF++} (You found it in a labyrinth)
 31309 | Lab      | Got a slimy plate armour
 31310 | Lab      | Identified the cursed +0 plate armour of Narcissism {*Corrode rF- Int+5 Stlth+} (You found it in a labyrinth)
 31352 | Lair:6   | Identified a scroll of acquirement
 31440 | Lair:6   | Got an amethyst-studded leather armour
 31441 | Lair:6   | Identified the +4 leather armour of Infinity {+Inv rPois rN+ Int+4} (You found it on level 6 of the Lair of Beasts)
 31483 | Lair:6   | Reached skill level 10 in Conjurations
 32099 | Lair:6   | Bought a +0 cloak of invisibility for 172 gold pieces
 32308 | Lair:7   | Bought the ring of Divine Intervention {*Drain rF+ rC+ MP+9 Int+2} for 412 gold pieces
 33476 | Lair:8   | Entered Level 8 of the Lair of Beasts
 33874 | Lair:8   | Found a staircase to the Slime Pits.
 33875 | Lair:8   | Found a viscous altar of Jiyva.
 34382 | Lair:8   | Gained mutation: You are powered by pain. [demonic ancestry]
 34382 | Lair:8   | Reached XP level 16. HP: 94/96 MP: 11/44
 34831 | Lair:7   | Bought the amulet of the Imp {Dismiss MP+9 Int+3} for 779 gold pieces
 35604 | Swamp:1  | Entered Level 1 of the Swamp
 35660 | Swamp:2  | Noticed Aizul
 35807 | Swamp:2  | Killed Aizul
 35902 | Swamp:3  | Noticed Kirke
 35911 | Swamp:3  | Killed Kirke
 36258 | Swamp:4  | Entered Level 4 of the Swamp
 36522 | Swamp:4  | Reached skill level 10 in Ice Magic
 36811 | Swamp:4  | Got a decaying rune of Zot
 37013 | Snake:1  | Entered Level 1 of the Snake Pit
 37013 | Snake:1  | Found a flickering gateway to a bazaar.
 37041 | Bazaar   | Entered a bazaar
 37041 | Bazaar   | Found Duaguuto's Armour Shoppe.
 37041 | Bazaar   | Found Doockosi's Food Boutique.
 37041 | Bazaar   | Found Xakaur's Distillery.
 37041 | Bazaar   | Found Utukiph's Magic Scroll Shop.
 37043 | Bazaar   | Found Abig's General Store.
 37084 | Bazaar   | Bought a scroll of recharging for 123 gold pieces
 37084 | Bazaar   | Bought a bread ration for 65 gold pieces
 37084 | Bazaar   | Bought a scroll of enchant armour for 97 gold pieces
 37088 | Bazaar   | Bought 2 potions of curing for 72 gold pieces
 37088 | Bazaar   | Bought a potion of flight for 36 gold pieces
 37088 | Bazaar   | Bought 2 potions of curing for 72 gold pieces
 37088 | Bazaar   | Bought a potion of brilliance for 48 gold pieces
 37088 | Bazaar   | Bought a potion of agility for 48 gold pieces
 37088 | Bazaar   | Bought a potion of brilliance for 48 gold pieces
 37088 | Bazaar   | Bought a potion of haste for 120 gold pieces
 37099 | Bazaar   | Bought a scroll of identify for 18 gold pieces
 37099 | Bazaar   | Bought a scroll of enchant armour for 67 gold pieces
 37099 | Bazaar   | Bought a scroll of identify for 18 gold pieces
 37099 | Bazaar   | Bought a scroll of fog for 18 gold pieces
 37099 | Bazaar   | Bought a scroll of immolation for 31 gold pieces
 37102 | Bazaar   | Bought a bread ration for 40 gold pieces
 37102 | Bazaar   | Bought a bread ration for 40 gold pieces
 37102 | Bazaar   | Bought a meat ration for 40 gold pieces
 37102 | Bazaar   | Bought a bread ration for 40 gold pieces
 37102 | Bazaar   | Bought a meat ration for 40 gold pieces
 37102 | Bazaar   | Bought a meat ration for 40 gold pieces
 37102 | Bazaar   | Bought a beef jerky for 12 gold pieces
 37102 | Bazaar   | Bought a beef jerky for 12 gold pieces
 37102 | Bazaar   | Bought a beef jerky for 12 gold pieces
 37102 | Bazaar   | Bought a royal jelly for 16 gold pieces
 37102 | Bazaar   | Bought a beef jerky for 12 gold pieces
 37766 | Snake:2  | Got a pair of smoking boots
 37767 | Snake:2  | Identified the cursed +0 pair of boots of Unreason {+Fly Dex+6} (You found it on level 2 of the Snake Pit)
 37782 | Snake:3  | Found Ulilaami's Antique Weapon Shoppe.
 37787 | Snake:3  | Bought a scorched hand axe for 328 gold pieces
 37787 | Snake:3  | Identified the cursed +1 hand axe of Dullness {chop, Str+3} (You bought it in a shop on level 3 of the Snake Pit)
 37852 | Snake:3  | Found a frozen archway.
 37873 | IceCv    | Entered an ice cave
 38427 | IceCv    | Noticed an Ice Fiend
 38686 | IceCv    | Killed an Ice Fiend
 38686 | IceCv    | Reached XP level 17. HP: 57/101 MP: 10/45
 39023 | Snake:4  | Entered Level 4 of the Snake Pit
 39092 | Snake:4  | Lost mutation: Your flesh is very cold resistant. [potion of cure mutation]
 39092 | Snake:4  | Lost mutation: You have claws for hands. [potion of cure mutation]
 40224 | Snake:4  | Got a serpentine rune of Zot
 40321 | Snake:4  | Reached skill level 15 in Conjurations
 40826 | D:15     | Learned a level 6 spell: Haste
 40834 | D:15     | Learned a level 7 spell: Orb of Destruction
 40877 | D:15     | Bought a +0 pair of gloves of strength for 149 gold pieces
 41213 | Vaults:1 | Entered Level 1 of the Vaults
 41376 | Vaults:1 | Got a sparkling lead ring
 41377 | Vaults:1 | Identified the ring of Fanaticism {Int+3 SInv} (You found it on level 1 of the Vaults)
 41421 | Vaults:1 | Found a flickering gateway to a bazaar.
 41426 | Bazaar   | Entered a bazaar
 41444 | Bazaar   | Found Birisk's Book Shoppe.
 41459 | Bazaar   | Found Pyntotuf's Antique Weapon Shoppe.
 41459 | Bazaar   | Found Sukeimn's Gadget Emporium.
 41480 | Bazaar   | Found Onus Sau's Book Emporium.
 41683 | Vaults:1 | Bought a scroll of silence for 97 gold pieces
 41683 | Vaults:1 | Bought a scroll of identify for 26 gold pieces
 41683 | Vaults:1 | Bought a scroll of identify for 26 gold pieces
 41683 | Vaults:1 | Bought a scroll of amnesia for 45 gold pieces
 41683 | Vaults:1 | Bought a scroll of recharging for 123 gold pieces
 41683 | Vaults:1 | Bought a scroll of enchant weapon for 97 gold pieces
 41683 | Vaults:1 | Bought a scroll of enchant weapon for 97 gold pieces
 41683 | Vaults:1 | Bought a scroll of enchant weapon for 97 gold pieces
 43156 | Vaults:1 | Gained mutation: You have an unnaturally thin skeletal structure (Dex +6, Stealth++). [demonic ancestry]
 43156 | Vaults:1 | Reached XP level 18. HP: 107/107 MP: 46/46
 44064 | Vaults:2 | Reached skill level 15 in Ice Magic
 45349 | Vaults:2 | Gained mutation: You have large cloven feet. [helix card]
 45946 | Vaults:2 | Found a portal to a secret trove of treasure.
 46371 | Vaults:3 | Found Muykk's Antique Weapon Boutique.
 46563 | Vaults:3 | Bought a pitted dagger for 161 gold pieces
 46565 | Vaults:3 | Identified the +8 dagger of Ytzulok {freeze, rPois rN++ MR++ Int-2} (You bought it in a shop on level 3 of the Vaults)
 47433 | Vaults:3 | Reached XP level 19. HP: 106/112 MP: 19/47
 48684 | Vaults:3 | Found a staircase to the Crypt.
 48969 | Vaults:3 | Cast into level 3 of the Abyss (a lich)
 49342 | Vaults:3 | Escaped the Abyss
 49439 | Vaults:3 | Found a radiant altar of Vehumet.
 49445 | Vaults:3 | Got a polished hat
 49448 | Vaults:3 | Identified the +2 hat of Sorcery {+Inv Dex+3} (You found it on level 3 of the Vaults)
 49981 | Vaults:4 | Got a flickering steel ring
 49982 | Vaults:4 | Identified the ring "Zafos" {MR+ Str+2 Dex+2} (You found it on level 4 of the Vaults)
 50694 | Vaults:4 | Noticed Wiglaf
 50722 | Vaults:4 | Killed Wiglaf
 50934 | Vaults:4 | Paralysed by an ogre mage for 7 turns
 50938 | Vaults:4 | HP: 5/112 [vault guard/great mace[a vault warden] (4)]
 50938 | Vaults:4 | Slain by an ironbrand convoker

Skill      XL: |  1  2  3  4  5  6  7  8  9 10 11 12 13 14 15 16 17 18 19 |
---------------+----------------------------------------------------------+-----
Conjurations   | 2 3 4 5 6 7 11 13 15 16 | 16.2
Armour         | 1 2 4 5 |  5.1
Spellcasting   | 4 5 6 7 10 12 13 16 18 20 | 20.8
Ice Magic      | 2 3 8 11 14 16 17 | 17.8
Charms         | 5 6 |  6.0
Shields        | 4 |  4.2
Dodging        | |  1.7
Stealth        | |  1.7
Summonings     | |  1.0
Translocations | |  0.8

Action                   |  1- 3 |  4- 6 |  7- 9 | 10-12 | 13-15 | 16-18 | 19-21 || total
-------------------------+-------+-------+-------+-------+-------+-------+-------++-------
Melee: Unarmed           |    10 |       |       |       |       |       |       ||    10
       Club              |     9 |       |       |       |       |       |       ||     9
       Short sword       |    19 |   119 |    20 |       |       |       |       ||   158
       Hand axe          |       |       |     9 |     5 |       |       |       ||    14
       Long sword        |       |       |       |     4 |       |       |       ||     4
       Flail             |       |       |       |     6 |    25 |     1 |       ||    32
       Staff             |       |       |       |       |       |     2 |       ||     2
 Cast: Magic Dart        |   143 |   192 |   257 |   293 |   367 |   110 |    26 ||  1388
       Repel Missiles    |     2 |       |       |     2 |     3 |     2 |       ||     9
       Mephitic Cloud    |     2 |     8 |    14 |    24 |    14 |       |       ||    62
       Blink             |       |    16 |     2 |    12 |     9 |     2 |     3 ||    44
       Conjure Flame     |       |       |    15 |    27 |    29 |     5 |       ||    76
       Dazzling Spray    |       |       |    35 |    17 |     7 |     8 |       ||    67
       Iskenderun's Myst |       |       |    13 |   289 |   644 |   587 |   194 ||  1727
       Iskenderun's Batt |       |       |       |    34 |   194 |   121 |    38 ||   387
       Freezing Cloud    |       |       |       |       |     3 |   193 |    77 ||   273
       Haste             |       |       |       |       |       |     1 |       ||     1
       Orb of Destructio |       |       |       |       |       |    11 |     5 ||    16
Invok: Call Merchant     |       |       |       |     2 |     2 |     2 |       ||     6
Evoke: Wand              |       |       |     6 |     6 |     3 |     9 |     1 ||    25
       Lamp of fire      |       |       |       |       |     1 |     1 |     1 ||     3
       Deck              |       |       |       |       |     1 |    13 |       ||    14
  Use: Scroll            |     6 |    10 |     3 |    12 |    23 |    20 |     2 ||    76
       Potion            |       |     1 |     3 |     5 |     6 |     2 |     1 ||    18
 Stab: Confused          |     1 |     6 |       |     1 |       |       |       ||     8
       Invisible         |       |     1 |       |       |       |       |       ||     1
  Eat: Chunk             |     7 |     5 |       |       |       |       |       ||    12
       Fruit             |       |     3 |       |     4 |    16 |     5 |       ||    28
       Bread ration      |       |     1 |     3 |     3 |     3 |     5 |     2 ||    17
       Pizza             |       |     1 |       |     2 |     3 |       |       ||     6
       Beef jerky        |       |       |       |     1 |     1 |     8 |       ||    10
       Meat ration       |       |       |       |     1 |     2 |       |       ||     3
       Royal jelly       |       |       |       |     3 |       |     2 |       ||     5
Armor: Robe              |     6 |       |       |       |       |       |       ||     6
       Leather armour    |       |    49 |    26 |    50 |   121 |   105 |    28 ||   379
       Skin              |       |       |    24 |       |       |       |       ||    24
Dodge: Dodged            |    46 |   110 |    65 |    40 |   121 |    96 |    19 ||   497
       Deflected         |     2 |     2 |       |     8 |     5 |    39 |     4 ||    60
Block: Buckler           |       |       |       |    14 |    49 |    71 |    12 ||   146
